Map: Ephemeron LE

Players

pHARM

  • Race: Zerg Zerg
  • League: Platinum
  • Spawn Location: 11:00

NightTerran - Winner!

  • Race: Terran Terran
  • League: Platinum
  • Spawn Location: 5:00

VOD

Have the link to the VOD?

Description

Time

  • Played on: Aug. 30, 2019, 10:05 p.m.
  • Length: 15:00
Show
View Real Time Build Order
Export as new Build Order

pHARM Zerg 

Build Orders: Hatch First 

Get SALT Encoding   

  12  0:01  Drone  
  13  0:12  Overlord  
  13  0:25  Drone  
  14  0:30  Drone  
  14  0:31  Drone  
  16  0:52  Hatchery  
  15  0:57  Drone  
  15  0:58  Drone  
  15  1:01  Drone  
  18  1:17  Spawning Pool  
  17  1:21  Drone  
  17  1:23  Drone  
  19  1:32  Drone  
  20  1:36  Extractor  
  19  1:42  Drone  
  20  1:52  Overlord  
  20  2:03  Queen x2  
  20  2:06  Zergling x2  
  20  2:07  Zergling x2  
  26  2:16  Drone x2  
  28  2:24  Drone  
  28  2:26  Overlord  
  29  2:43  Queen  
  32  2:51  Drone x4  
  35  3:00  Metabolic Boost  
  35  3:01  Queen  
  35  3:04  Drone x2  
  39  3:17  Drone x5  
  44  3:23  Pneumatized Carapace  
  44  3:29  Overlord x2  
  44  4:06  Extractor  
  44  4:07  Extractor  
  44  4:09  Overlord x2  
  42  4:13  Lair  
  42  4:18  Hatchery  
  41  5:06  Baneling Nest  
  40  5:15  Hatchery  
  40  5:16  Hydralisk Den  
  40  5:18  Evolution Chamber x2  
  36  5:22  Drone x2  
  36  5:23  Drone x3  
  36  5:26  Drone  
  36  5:27  Drone x12  
  54  5:45  Zerg Melee Weapons Level 1  
  54  5:46  Zerg Ground Armor Level 1  
  54  5:51  Zergling x2  
  54  5:52  Zergling x14  
  62  6:23  Zergling x20  
  72  6:27  Grooved Spines  
  72  6:28  Centrifical Hooks  
  72  6:38  Zergling x12  
  78  6:54  Zergling x12  
  78  6:55  Overlord  
  78  6:56  Overlord x2  
  78  6:59  Baneling  
  78  7:00  Baneling x17  
  84  7:12  Extractor  
  84  7:14  Zergling x24  
  73  7:31  Zergling x14  
  73  7:32  Zergling x6  
  71  7:38  Muscular Augments  
  65  7:44  Zergling x12  
  65  7:45  Zergling x2  
  72  7:52  Baneling x12  
  72  7:53  Baneling x5  
  72  8:16  Drone  
  72  8:17  Drone x12  
  85  8:22  Zerg Melee Weapons Level 2  
  85  8:47  Hydralisk x8  
  101  8:59  Extractor  
  101  9:00  Extractor  
  99  9:28  Overlord x7  
  99  9:29  Overlord x2  
  99  9:30  Zergling x10  
  104  10:00  Zergling x2  
  104  10:01  Zergling x22  
  104  10:03  Hydralisk x2  
  111  10:35  Zergling x20  
  89  10:36  Zergling x10  
  89  10:41  Zergling x2  
  78  10:57  Baneling x12  
  78  10:58  Baneling x14  
  78  10:59  Zergling x18  
  84  11:09  Hatchery  
  84  11:10  Hydralisk x5  
  84  11:11  Hydralisk x2  
  80  11:25  Zergling x8  
  75  11:26  Zergling x8  
  82  11:41  Infestation Pit  
  81  11:48  Drone x7  
  88  12:16  Drone x5  
  88  12:17  Drone  
  94  12:31  Drone x16  
  94  12:34  Hydralisk  
  112  12:49  Hydralisk x4  
  112  12:50  Hydralisk  
  122  13:21  Hive  
  122  13:34  Hatchery  
  121  13:50  Extractor  
  121  13:55  Extractor  
  119  14:00  Overlord x4  
  119  14:13  Hydralisk x3, Zergling x2  
  119  14:14  Hydralisk x5, Zergling x10  
  119  14:15  Hydralisk x2, Zergling x8  
  119  14:16  Overlord  
  119  14:17  Overlord x7  
Show
View Real Time Build Order
Export as new Build Order

NightTerran Terran - Winner!

Build Orders: Gas First Reaper Expand 

Get SALT Encoding   

  12  0:01  SCV  
  13  0:21  Supply Depot, Refinery  
  13  0:24  SCV  
  14  0:36  SCV  
  15  0:48  Barracks, SCV  
  16  1:00  SCV  
  17  1:12  SCV  
  18  1:25  SCV  
  19  1:37  Reaper  
  21  1:43  Orbital Command  
  20  1:54  Command Center  
  20  2:05  Factory  
  20  2:10  SCV  
  21  2:22  SCV, Barracks Tech Lab  
  22  2:28  Supply Depot  
  22  2:34  SCV  
  23  2:49  SCV  
  24  2:56  Starport  
  24  3:01  SCV, Refinery  
  25  3:10  Orbital Command  
  25  3:13  SCV  
  25  3:15  Siege Tank  
  29  3:24  Barracks  
  29  3:28  SCV  
  30  3:40  SCV  
  31  3:48  SCV  
  31  3:52  SCV  
  33  4:00  SCV  
  33  4:04  SCV  
  33  4:06  Siege Tank  
  33  4:08  Barracks Tech Lab  
  37  4:10  Starport Reactor  
  37  4:13  SCV  
  37  4:16  SCV  
  39  4:20  Barracks Reactor  
  39  4:21  Barracks  
  39  4:28  Marine  
  39  4:29  Engineering Bay  
  40  4:31  Engineering Bay  
  40  4:32  SCV  
  40  4:34  Stimpack  
  41  4:42  Supply Depot  
  41  4:43  Supply Depot  
  41  4:44  SCV  
  41  4:45  Supply Depot  
  42  4:46  Marine, Supply Depot  
  42  4:47  SCV  
  44  4:56  SCV  
  44  4:57  Marine  
  46  5:03  Marine, Siege Tank  
  50  5:07  Refinery  
  50  5:09  SCV  
  50  5:11  Refinery  
  51  5:14  Barracks Reactor  
  51  5:20  SCV  
  51  5:21  Marine x2  
  53  5:22  Medivac  
  53  5:26  Marine  
  57  5:31  Barracks  
  57  5:37  Terran Infantry Weapons Level 1  
  57  5:38  Marine  
  57  5:39  Marine  
  59  5:44  Marine, SCV  
  59  5:49  SCV  
  62  5:53  Marine x2  
  62  5:56  Marine x2, SCV  
  67  6:02  Marine  
  68  6:06  Medivac x2  
  68  6:09  Barracks  
  68  6:10  Marine  
  68  6:11  Marine  
  74  6:15  Supply Depot x2  
  74  6:16  Supply Depot x2  
  74  6:23  SCV x2  
  74  6:25  Marine x2  
  78  6:27  Barracks Reactor  
  78  6:36  Marine x3, Medivac  
  78  6:37  SCV x2  
  85  6:42  Marine  
  85  6:44  Marine  
  85  6:46  Combat Shield  
  87  6:50  Terran Infantry Armor Level 1  
  87  6:53  SCV  
  88  6:54  Marine x3, Armory  
  91  7:01  Marine  
  91  7:02  Marine  
  93  7:12  Marine  
  85  7:34  Marine  
  85  7:35  Marine  
  76  7:40  Marine x3  
  65  7:52  Marine x2  
  65  7:55  Terran Infantry Weapons Level 2  
  65  7:58  Marine x3  
  70  8:05  Marine  
  70  8:06  Marine  
  70  8:10  Marine x2  
  70  8:11  Barracks Reactor  
  74  8:13  Medivac x2  
  74  8:15  Marine  
  74  8:16  Marine x2  
  74  8:17  Siege Tank  
  84  8:23  Marine x2  
  86  8:28  Marine x2  
  86  8:33  Marine x2  
  86  8:34  Marine  
  91  8:41  Marine x2  
  91  8:44  Command Center  
  91  8:46  Marine x2  
  95  8:49  Siege Tank  
  95  8:51  Marine x3  
  101  8:57  Terran Infantry Armor Level 2  
  101  8:59  Marine x2  
  103  9:03  Marine  
  103  9:04  Marine  
  103  9:05  Supply Depot  
  103  9:09  Marine x3  
  108  9:17  Marine x2  
  108  9:21  Marine x2, Siege Tank  
  115  9:27  Marine x3  
  118  9:34  Marine  
  118  9:35  Marine  
  120  9:39  Marine x2  
  120  9:43  Concussive Shells  
  120  9:44  Marine  
  120  9:45  Marine x2  
  125  9:46  Refinery  
  125  9:52  Marine x2, Refinery  
  125  9:53  Siege Tank, SCV  
  125  9:57  Marine x2  
  133  10:02  Marine x2  
  133  10:03  Marine  
  136  10:10  Marine x2  
  138  10:15  Marine x2  
  138  10:20  Marine x2  
  144  10:21  Marauder  
  144  10:26  Siege Tank  
  144  10:28  Marine x2  
  142  10:32  Marine  
  142  10:33  Marine  
  100  10:38  Marine x2  
  100  10:42  Marauder  
  99  10:46  Marine x2  
  95  10:50  Marine  
  95  10:51  Marine  
  95  10:56  Marine x2  
  96  11:03  Marine  
  96  11:04  Marine, Marauder  
  99  11:08  Marine x2  
  102  11:13  Marine  
  102  11:14  Marine  
  90  11:21  Marine x2  
  90  11:25  Marine  
  82  11:26  Marine x2  
  82  11:30  Terran Infantry Armor Level 3, Terran Infantry Weapons Level 3  
  82  11:31  Marine x2  
  86  11:39  Marine x2  
  88  11:42  Marine  
  88  11:44  Marine x2  
  91  11:49  Marine x4  
  95  11:57  Marine x2  
  95  12:00  Medivac x2  
  95  12:01  Marauder  
  103  12:02  Marine x2  
  103  12:07  Marine x4, Orbital Command  
  109  12:15  Marine x2, Liberator  
  111  12:19  Marine  
  111  12:20  Marine  
  111  12:22  Marauder  
  115  12:24  Marine  
  115  12:26  Marine x2  
  115  12:27  Marine  
  119  12:30  Medivac  
  124  12:39  Marine x4  
  124  12:42  Marine  
  124  12:43  Liberator, Marauder  
  131  12:45  Marine x3  
  134  12:57  Marine x4  
  138  12:58  Supply Depot  
  138  13:00  Marine  
  138  13:01  Supply Depot  
  138  13:03  Marine x3, Liberator  
  138  13:04  Supply Depot  
  138  13:05  Marauder  
  147  13:06  Supply Depot  
  147  13:14  Marine  
  147  13:15  Marine  
  149  13:20  Marine x3  
  149  13:26  Liberator  
  155  13:28  Marauder  
  155  13:30  Marine x3  
  155  13:32  Marine x2  
  162  13:38  Marine x3  
  165  13:46  Liberator  
  165  13:47  Marine  
  165  13:48  Marine x2  
  170  13:50  Marine x2, Marauder  
  175  13:55  Marine x3  
  181  14:38  Marine x6  
  181  14:39  Marine  
Tags
 
Add a new tag
Caveats
  • Supply blocks, unpowered buildings, or Contaminate may cause inaccurate times.
  • Supply counts are checked every 10 seconds.